[Event "Fagernes Chess Open 2025"]
[Site "Fagernes"]
[Date "2025.04.17"]
[Round "6.1"]
[White "Stai, Sondre"]
[Black "Ali, Karim"]
[Result "1/2-1/2"]
[Annotator "NA RC"]
[ECO "D00"]
[WhiteElo "1786"]
[BlackElo "1876"]
[PlyCount "63"]
[EventDate "2025.04.12"]
[EventCountry "NOR"]
[SourceTitle "playchess.com"]
[Source "ChessBase"]
[SourceQuality "1"]
[TimeControl "40/6000+30:2400+30"]

1. d4 Nf6 2. Nc3 d5 3. Bf4 c5 4. e3 cxd4 5. Qxd4 a6 6. Nf3 Nc6 7. Qd2 e6 8. Bd3 Nb4 9. O-O Nxd3 10. cxd3 Bd7 11. Ne5 Be7 12. h3 O-O 13. Rac1 Ne8 14. Rfd1 f6 15. Nxd7 Qxd7 16. d4 Bd6 17. e4 dxe4 18. Nxe4 Bxf4 19. Qxf4 b6 20. Rd2 Rc8 21. Rxc8 Qxc8 22. Qe3 h6 23. Qb3 f5 24. Nc3 b5 25. d5 exd5 26. Nxd5 Kh7 27. Qd3 Rf7 28. Ne3 g6 29. Qd5 Rc7 30. Qe5 Rc1+ 31. Kh2 Rc7 32. Kg1 1/2-1/2

[Event "Fagernes Chess Open 2025"]
[Site "Fagernes"]
[Date "2025.04.17"]
[Round "6.2"]
[White "Sivaparan, Isai"]
[Black "Hansen, Thobias Gotaas"]
[Result "1-0"]
[Annotator "NA RC"]
[ECO "C50"]
[WhiteElo "1944"]
[BlackElo "1805"]
[PlyCount "61"]
[EventDate "2025.04.12"]
[EventCountry "NOR"]
[SourceTitle "playchess.com"]
[Source "ChessBase"]
[SourceQuality "1"]
[TimeControl "40/6000+30:2400+30"]

1. e4 e5 2. Nf3 Nc6 3. Bc4 Bc5 4. O-O Nf6 5. d3 a5 6. c3 d6 7. Re1 O-O 8. h3 Ne7 9. Nbd2 Ng6 10. Nf1 c6 11. Bb3 Be6 12. Bxe6 fxe6 13. d4 Ba7 14. Ng3 Qe7 15. Qc2 Nd7 16. Qb3 Rab8 17. Nf5 Qd8 18. Qxe6+ Kh8 19. Nxd6 Qf6 20. Qxd7 Rbd8 21. Qxb7 Qxd6 22. Qxa7 Rxf3 23. gxf3 Nh4 24. Re3 Qg6+ 25. Kf1 Qg2+ 26. Ke2 Qg1 27. Qe7 g5 28. Qxd8+ Kg7 29. Qe7+ Kh6 30. Qf6+ Ng6 31. h4 1-0

[Event "Fagernes Chess Open 2025"]
[Site "Fagernes"]
[Date "2025.04.17"]
[Round "6.3"]
[White "Andersen, Guttorm"]
[Black "Solbu, August"]
[Result "1-0"]
[Annotator "NA RC"]
[ECO "D37"]
[WhiteElo "1842"]
[BlackElo "1887"]
[PlyCount "116"]
[EventDate "2025.04.12"]
[EventCountry "NOR"]
[SourceTitle "playchess.com"]
[Source "ChessBase"]
[SourceQuality "1"]
[TimeControl "40/6000+30:2400+30"]

1. d4 d5 2. c4 e6 3. Nc3 Nf6 4. e3 Be7 5. Bd3 O-O 6. Nf3 Nbd7 7. O-O dxc4 8. Bxc4 c5 9. Qe2 a6 10. a4 cxd4 11. Nxd4 Bc5 12. Rd1 Qe7 13. e4 h6 14. h3 Ne5 15. Bb3 b6 16. Be3 Bb7 17. Bc2 Ng6 18. f4 Bxd4 19. Bxd4 Nxf4 20. Qf2 Ng6 21. Bxb6 Rac8 22. Bd4 e5 23. Be3 Qb4 24. Nd5 Bxd5 25. exd5 Qxb2 26. Bf5 Qxf2+ 27. Kxf2 Rcd8 28. d6 e4 29. Bb6 Rb8 30. a5 Nh4 31. d7 Nxf5 32. d8=Q Rfxd8 33. Rxd8+ Rxd8 34. Bxd8 Nd5 35. Bb6 g6 36. g4 Ng7 37. Rd1 Nf4 38. Rd8+ Kh7 39. Ke3 Nge6 40. Ra8 f5 41. Ra7+ Kg8 42. gxf5 gxf5 43. Rxa6 Nd5+ 44. Kf2 f4 45. Ra8+ Kf7 46. h4 e3+ 47. Kf3 Nxb6 48. axb6 Nd4+ 49. Kxf4 e2 50. Ra1 Nc2 51. Rc1 e1=N 52. Rxe1 Nxe1 53. b7 Nd3+ 54. Kf5 Nc5 55. b8=Q Nd7 56. Qd8 Nf8 57. Qc7+ Ke8 58. Qg7 Nd7 1-0

[Event "Fagernes Chess Open 2025"]
[Site "Fagernes"]
[Date "2025.04.17"]
[Round "6.4"]
[White "Kopperud, Vidar Aleksander"]
[Black "Neukamm, Christian"]
[Result "1/2-1/2"]
[Annotator "NA RC"]
[ECO "D28"]
[WhiteElo "1778"]
[BlackElo "1776"]
[PlyCount "44"]
[EventDate "2025.04.12"]
[EventCountry "NOR"]
[SourceTitle "playchess.com"]
[Source "ChessBase"]
[SourceQuality "1"]
[TimeControl "40/6000+30:2400+30"]

1. d4 d5 2. c4 dxc4 3. Nf3 Nf6 4. e3 e6 5. Bxc4 Be7 6. O-O O-O 7. Nc3 c5 8. Qe2 Nc6 9. Rd1 Qc7 10. dxc5 Bxc5 11. a3 a6 12. b4 Be7 13. Bb2 b5 14. Bb3 Bb7 15. Rac1 Rad8 16. Nd2 Qb8 17. Nce4 Ne5 18. Nc5 Bxc5 19. Rxc5 Nd3 20. Bxf6 gxf6 21. Qg4+ Kh8 22. Qh4 Nxc5 1/2-1/2

[Event "Fagernes Chess Open 2025"]
[Site "Fagernes"]
[Date "2025.04.17"]
[Round "6.5"]
[White "Engkvist, Tomas"]
[Black "Vollheim, Daniel O"]
[Result "1-0"]
[Annotator "RC"]
[ECO "C02"]
[WhiteElo "1969"]
[BlackElo "1764"]
[PlyCount "103"]
[EventDate "2025.04.12"]
[EventCountry "NOR"]
[SourceTitle "playchess.com"]
[Source "ChessBase"]
[SourceQuality "1"]
[TimeControl "40/6000+30:2400+30"]

1. e4 e6 2. d4 d5 3. e5 c5 4. c3 Nc6 5. Nf3 Bd7 6. Be2 Qb6 7. O-O Nge7 8. dxc5 Qxc5 9. b4 Qb6 10. Bf4 Ng6 11. Bg3 Be7 12. Nbd2 O-O 13. Bd3 Rac8 14. Rc1 Rfd8 15. a4 a6 16. Nb3 Qc7 17. b5 axb5 18. axb5 Na5 19. Nbd4 Nc4 20. Qe2 Qa5 21. h4 Bxb5 22. Ra1 Ba4 23. Rfb1 b6 24. Ra2 Na3 25. Rba1 Qxc3 26. h5 Nf8 27. Bh4 Bxh4 28. Rxa3 Qc5 29. Rxa4 Be7 30. Ra7 Nd7 31. Bb5 Nb8 32. Qd3 Qb4 33. Rb1 Qc5 34. Nb3 Qb4 35. Ra4 Qc3 36. Qxc3 Rxc3 37. Nfd4 Rdc8 38. Ra8 Rd8 39. Ra7 Bc5 40. Ne2 d4 41. Nxc3 dxc3 42. Nxc5 c2 43. Re1 bxc5 44. Raa1 h6 45. Rac1 Rd2 46. Kf1 Kf8 47. Ba4 Na6 48. Re2 Rd4 49. Bxc2 Nb4 50. Bb3 Rh4 51. Kg1 Nd3 52. Rc3 1-0

[Event "Fagernes Chess Open 2025"]
[Site "Fagernes"]
[Date "2025.04.17"]
[Round "6.6"]
[White "Rynning, Rune Kleiven"]
[Black "Arulmaran, Abishan"]
[Result "0-1"]
[Annotator "NA RC"]
[ECO "A58"]
[WhiteElo "1776"]
[BlackElo "1858"]
[PlyCount "68"]
[EventDate "2025.04.12"]
[EventCountry "NOR"]
[SourceTitle "playchess.com"]
[Source "ChessBase"]
[SourceQuality "1"]
[TimeControl "40/6000+30:2400+30"]

1. d4 Nf6 2. c4 c5 3. d5 b5 4. cxb5 a6 5. Nc3 axb5 6. Nxb5 Ba6 7. Nc3 g6 8. e3 Bxf1 9. Kxf1 Bg7 10. d6 O-O 11. e4 exd6 12. Qxd6 Qa5 13. Bg5 Ra6 14. Qd2 Re8 15. f3 Nc6 16. Nge2 Nd4 17. Nxd4 cxd4 18. Nd5 Qb5+ 19. Kf2 Nxd5 20. exd5 Qxd5 21. Rhe1 Rea8 22. a4 d3 23. Ra3 Qd4+ 24. Be3 Qh4+ 25. Kg1 Bxb2 26. Rxd3 Rxa4 27. Bf2 Qf6 28. Rb3 Bd4 29. Rd1 Bxf2+ 30. Qxf2 Ra1 31. Rbd3 Rxd1+ 32. Rxd1 Ra1 33. Qd2 Qb6+ 34. Kh1 Qb1 0-1

[Event "Fagernes Chess Open 2025"]
[Site "Fagernes"]
[Date "2025.04.17"]
[Round "6.7"]
[White "Brattgjerd, August Minh"]
[Black "Digernes, Mikael"]
[Result "0-1"]
[Annotator "NA RC"]
[ECO "A45"]
[WhiteElo "1845"]
[BlackElo "1781"]
[PlyCount "122"]
[EventDate "2025.04.12"]
[EventCountry "NOR"]
[SourceTitle "playchess.com"]
[Source "ChessBase"]
[SourceQuality "1"]
[TimeControl "40/6000+30:2400+30"]

1. d4 Nf6 2. Bf4 c5 3. c3 Qb6 4. Qb3 cxd4 5. Qxb6 axb6 6. cxd4 Nc6 7. e3 Nb4 8. Kd1 Ne4 9. Nh3 d5 10. Bb5+ Nc6 11. Ke2 Bd7 12. f3 Nxd4+ 13. exd4 Bxb5+ 14. Kd1 Nf6 15. Nc3 Bc6 16. Nf2 b5 17. Nd3 e6 18. b4 Nd7 19. Kc2 Nb6 20. Rhe1 Nc4 21. a4 bxa4 22. b5 Bd7 23. Nxd5 Na3+ 24. Rxa3 Bxa3 25. Nc7+ Ke7 26. Nxa8 Rxa8 27. Ra1 Bd6 28. Bxd6+ Kxd6 29. Nc5 Bxb5 30. Nxb7+ Kd5 31. Kc3 Rb8 32. Nc5 e5 33. Nxa4 exd4+ 34. Kd2 Bc4 35. Kc2 d3+ 36. Kd2 Kd4 37. Re1 Bd5 38. Ra1 Ra8 39. Ra3 Bc4 40. g3 Bb5 41. Nc3 Bc6 42. Rxa8 Bxa8 43. Nb5+ Kc5 44. Nc7 Bxf3 45. Kxd3 Bc6 46. Na6+ Kb5 47. Nb8 Be8 48. Ke4 Kb6 49. Kd5 Kb7 50. Kd6 Kxb8 51. Ke7 f5 52. Kxe8 g5 53. Kf7 f4 54. gxf4 gxf4 55. h4 h5 56. Kg6 f3 57. Kxh5 f2 58. Kg6 f1=Q 59. h5 Qf8 60. Kh7 Qf6 61. h6 Kc7 0-1

[Event "Fagernes Chess Open 2025"]
[Site "Fagernes"]
[Date "2025.04.17"]
[Round "6.8"]
[White "Yilmaz, Kazim"]
[Black "Kuzmenko, Mykhailo"]
[Result "1/2-1/2"]
[Annotator "NA RC"]
[ECO "D02"]
[WhiteElo "1818"]
[BlackElo "1747"]
[PlyCount "97"]
[EventDate "2025.04.12"]
[EventCountry "NOR"]
[SourceTitle "playchess.com"]
[Source "ChessBase"]
[SourceQuality "1"]
[TimeControl "40/6000+30:2400+30"]

1. Nf3 Nf6 2. Nc3 d5 3. d4 Bf5 4. Bf4 e6 5. e3 Bb4 6. Bd3 Ne4 7. Bxe4 Bxe4 8. O-O Bxc3 9. bxc3 O-O 10. Rb1 b6 11. Re1 Bxf3 12. Qxf3 Nc6 13. e4 Rc8 14. exd5 exd5 15. Rb5 Ne7 16. Bg5 f6 17. Bh4 Qd7 18. Rbb1 Ng6 19. Bg3 Rfe8 20. h3 c6 21. Qd3 b5 22. Qd2 Rxe1+ 23. Rxe1 Re8 24. Re3 Kf7 25. Qe2 Re7 26. Kf1 Qe8 27. Rxe7+ Qxe7 28. Qxe7+ Nxe7 29. Bd6 Ke6 30. Bxe7 Kxe7 31. Ke2 f5 32. f4 Kf6 33. Kf3 h6 34. g3 g6 35. h4 Ke6 36. Ke3 Kd6 37. Kd2 c5 38. a3 Kc6 39. Kc1 cxd4 40. cxd4 a5 41. Kb2 b4 42. a4 Kd6 43. Kb3 Ke6 44. c3 bxc3 45. Kxc3 Kf6 46. Kd3 g5 47. h5 Kg7 48. Ke3 Kf6 49. Kf3 1/2-1/2

[Event "Fagernes Chess Open 2025"]
[Site "Fagernes"]
[Date "2025.04.17"]
[Round "6.9"]
[White "Andersen, Even Jorstad"]
[Black "Odden, Jan Ove"]
[Result "1-0"]
[Annotator "NA RC"]
[ECO "C54"]
[WhiteElo "1681"]
[BlackElo "1720"]
[PlyCount "67"]
[EventDate "2025.04.12"]
[EventCountry "NOR"]
[SourceTitle "playchess.com"]
[Source "ChessBase"]
[SourceQuality "1"]
[TimeControl "40/6000+30:2400+30"]

1. e4 e5 2. Nf3 Nc6 3. Bc4 Nf6 4. d3 Bc5 5. O-O O-O 6. c3 Bb6 7. Nbd2 d6 8. b4 a6 9. a4 Be6 10. h3 h6 11. Bb2 Qe7 12. Re1 Rad8 13. Bxe6 fxe6 14. Nc4 Ba7 15. b5 Nb8 16. Bc1 Qf7 17. Qe2 Nh5 18. d4 Nd7 19. Ra2 Nf4 20. Bxf4 Qxf4 21. dxe5 Nxe5 22. Ncxe5 dxe5 23. bxa6 bxa6 24. Qxa6 Bb6 25. Qb5 Rf6 26. a5 Rg6 27. Kf1 Ba7 28. Qb7 Bb8 29. a6 Rf8 30. a7 Bxa7 31. Qxa7 Rxg2 32. Qe3 Rg3 33. Qxf4 Rxf4 34. fxg3 1-0

[Event "Fagernes Chess Open 2025"]
[Site "Fagernes"]
[Date "2025.04.17"]
[Round "6.11"]
[White "Abrahamsson, Roaul"]
[Black "Lysen, Terje Kevin G"]
[Result "1-0"]
[Annotator "NA RC"]
[ECO "E62"]
[WhiteElo "1920"]
[BlackElo "1667"]
[PlyCount "67"]
[EventDate "2025.04.12"]
[EventCountry "NOR"]
[SourceTitle "playchess.com"]
[Source "ChessBase"]
[SourceQuality "1"]
[TimeControl "40/6000+30:2400+30"]

1. d4 Nf6 2. c4 g6 3. g3 Bg7 4. Bg2 O-O 5. Nf3 d6 6. O-O Nc6 7. Nc3 e5 8. dxe5 dxe5 9. Bg5 Be6 10. Nd5 Bxd5 11. Bxf6 Bxf6 12. cxd5 Ne7 13. Ne1 Nf5 14. e4 Nd6 15. Nd3 Bg7 16. Rc1 Qd7 17. Qc2 Rac8 18. Nc5 Qe7 19. Bh3 f5 20. Ne6 Rf7 21. f3 Bh6 22. Rcd1 Be3+ 23. Kh1 Bb6 24. Qe2 Re8 25. b3 f4 26. gxf4 exf4 27. Qd2 Qh4 28. Qg2 Rf6 29. e5 Nf5 30. exf6 Ne3 31. f7+ Kxf7 32. Qb2 Rg8 33. Bg2 Nxd1 34. Rxd1 1-0

[Event "Fagernes Chess Open 2025"]
[Site "Fagernes"]
[Date "2025.04.17"]
[Round "6.12"]
[White "Lien, Benjamin"]
[Black "Ruud, Mikael"]
[Result "1-0"]
[Annotator "NA RC"]
[ECO "B03"]
[WhiteElo "1733"]
[BlackElo "1588"]
[PlyCount "79"]
[EventDate "2025.04.12"]
[EventCountry "NOR"]
[SourceTitle "playchess.com"]
[Source "ChessBase"]
[SourceQuality "1"]
[TimeControl "40/6000+30:2400+30"]

1. e4 Nf6 2. e5 Nd5 3. d4 d6 4. c4 Nb6 5. f4 g6 6. Nf3 Bg7 7. Be2 O-O 8. O-O Be6 9. b3 c6 10. Bb2 d5 11. c5 Nc8 12. Nbd2 f6 13. Qe1 Bf7 14. Bd3 e6 15. Qg3 Ne7 16. exf6 Bxf6 17. Ne5 Nf5 18. Qh3 Nd7 19. Ndf3 h5 20. Rae1 Qc7 21. g4 hxg4 22. Qxg4 Kg7 23. Re2 Rh8 24. Rg2 Ne3 25. Qg3 Nxg2 26. Bxg6 Nxe5 27. Nxe5 Bxe5 28. Bxf7+ Kxf7 29. fxe5+ Ke8 30. Qg6+ Kd8 31. Rf7 Qe7 32. Rxe7 Kxe7 33. Qg7+ Kd8 34. Qxh8+ Kc7 35. Qxa8 Nf4 36. Qf8 Nd3 37. Qg7+ Kd8 38. Qg8+ Kc7 39. Qh7+ Kd8 40. Qxd3 1-0

[Event "Fagernes Chess Open 2025"]
[Site "Fagernes"]
[Date "2025.04.17"]
[Round "6.13"]
[White "Bollestad, Leiv Ove"]
[Black "Stokhaug, Jon Arne"]
[Result "0-1"]
[Annotator "NA RC"]
[ECO "B10"]
[WhiteElo "1585"]
[BlackElo "1871"]
[PlyCount "132"]
[EventDate "2025.04.12"]
[EventCountry "NOR"]
[SourceTitle "playchess.com"]
[Source "ChessBase"]
[SourceQuality "1"]
[TimeControl "40/6000+30:2400+30"]

1. e4 c6 2. b3 d5 3. exd5 cxd5 4. Bb2 Nc6 5. Nf3 Bg4 6. Be2 e6 7. O-O Nf6 8. Re1 Bd6 9. h3 Bh5 10. Nc3 a6 11. Nd4 Bxe2 12. Ndxe2 O-O 13. Ng3 Rc8 14. Nh5 Be7 15. Na4 Nxh5 16. Qxh5 Bf6 17. Bxf6 Qxf6 18. Nc5 Rc7 19. c3 Ne7 20. b4 Nf5 21. Qe2 Rfc8 22. Nd3 d4 23. Nf4 g6 24. b5 axb5 25. Qxb5 Nd6 26. Qe5 Qxe5 27. Rxe5 dxc3 28. dxc3 Rxc3 29. a4 Rc1+ 30. Rxc1 Rxc1+ 31. Kh2 Rc4 32. Nxe6 fxe6 33. Rxe6 Rc6 34. Re7 b6 35. Ra7 Nc4 36. Kg3 Na5 37. f4 h6 38. Kg4 Rc4 39. Ra6 Rb4 40. h4 Kg7 41. Kf3 Kf6 42. g4 Nb3 43. Ra8 Na5 44. Rd8 Kf7 45. Rd6 Nc4 46. Rd7+ Kg8 47. Ra7 Na5 48. Ra6 Kf7 49. Ra7+ Ke6 50. Rg7 Kf6 51. Rd7 Nc4 52. Ra7 Nd2+ 53. Ke3 Nf1+ 54. Kf3 Nh2+ 55. Kg3 Nf1+ 56. Kf3 Nd2+ 57. Ke3 Nc4+ 58. Kf3 h5 59. g5+ Ke6 60. Rg7 Rb3+ 61. Ke2 Kf5 62. Rf7+ Ke4 63. Rf6 Rb2+ 64. Kd1 Kd3 65. Ke1 Ne3 66. Re6 Re2# 0-1

[Event "Fagernes Chess Open 2025"]
[Site "Fagernes"]
[Date "2025.04.17"]
[Round "6.14"]
[White "Smedsrud, Morten S"]
[Black "Jorgensen, Catherine"]
[Result "0-1"]
[Annotator "NA RC"]
[ECO "C06"]
[WhiteElo "1699"]
[BlackElo "1609"]
[PlyCount "66"]
[EventDate "2025.04.12"]
[EventCountry "NOR"]
[SourceTitle "playchess.com"]
[Source "ChessBase"]
[SourceQuality "1"]
[TimeControl "40/6000+30:2400+30"]

1. e4 e6 2. d4 d5 3. Nd2 Nf6 4. e5 Nfd7 5. Ngf3 c5 6. c3 Nc6 7. Bd3 Qb6 8. O-O cxd4 9. cxd4 Nxd4 10. Nxd4 Qxd4 11. Nf3 Qb6 12. Qa4 Qd8 13. Qg4 h6 14. Be3 b6 15. Rac1 Bb7 16. Bd4 Rc8 17. Rxc8 Qxc8 18. Nh4 Ba6 19. Bg6 Bxf1 20. Qxe6+ Kd8 21. Bxf7 Bd3 22. Qe8+ Kc7 23. Qe6 Kb8 24. Be3 d4 25. Bd2 Bb4 26. Nf3 Bxd2 27. Qd6+ Qc7 28. Nxd2 Qxd6 29. exd6 Rc8 30. Nb3 Bb1 31. Be6 Bxa2 32. Bxd7 Rc2 33. Bf5 Bxb3 0-1

[Event "Fagernes Chess Open 2025"]
[Site "Fagernes"]
[Date "2025.04.17"]
[Round "6.15"]
[White "Sigvaldsen, Sebastian"]
[Black "Vatneodegard, Marie"]
[Result "1-0"]
[Annotator "NA RC"]
[ECO "D27"]
[WhiteElo "1613"]
[BlackElo "1538"]
[PlyCount "103"]
[EventDate "2025.04.12"]
[EventCountry "NOR"]
[SourceTitle "playchess.com"]
[Source "ChessBase"]
[SourceQuality "1"]
[TimeControl "40/6000+30:2400+30"]

1. d4 d5 2. c4 dxc4 3. Nc3 e6 4. e3 Nf6 5. Bxc4 a6 6. Nf3 Be7 7. a4 c5 8. O-O O-O 9. b3 Nc6 10. Ba3 cxd4 11. Bxe7 Qxe7 12. Nxd4 Rd8 13. Nxc6 bxc6 14. Qc2 Bb7 15. Rfd1 c5 16. Bd3 g6 17. Ne4 Nxe4 18. Bxe4 Bxe4 19. Qxe4 Rxd1+ 20. Rxd1 Rd8 21. Rd3 Rxd3 22. Qxd3 Qb7 23. Kf1 Qb6 24. Ke2 Kg7 25. Kd2 Kg8 26. Kc2 Qc6 27. f3 Qc7 28. Qxa6 Qxh2 29. Qc8+ Kg7 30. a5 Qxg2+ 31. Kd3 Qf1+ 32. Kd2 Qf2+ 33. Kd3 Qf1+ 34. Ke4 Qb1+ 35. Kf4 Qxb3 36. a6 Qc4+ 37. Kg3 g5 38. a7 Qh4+ 39. Kg2 Qe1 40. Qa6 Qd2+ 41. Kf1 Qd1+ 42. Kf2 Qh1 43. a8=Q Qh2+ 44. Ke1 Qg1+ 45. Kd2 Qh2+ 46. Qe2 Qd6+ 47. Kc1 Kh6 48. Qe4 f6 49. Q2c4 Qh2 50. Qxc5 Qg1+ 51. Kb2 Qf2+ 52. Qcc2 1-0

[Event "Fagernes Chess Open 2025"]
[Site "Fagernes"]
[Date "2025.04.17"]
[Round "6.16"]
[White "Nebell, Anne Grete"]
[Black "Gilsdottir, Sara"]
[Result "0-1"]
[Annotator "NA RC"]
[ECO "B13"]
[WhiteElo "1561"]
[BlackElo "1738"]
[PlyCount "102"]
[EventDate "2025.04.12"]
[EventCountry "NOR"]
[SourceTitle "playchess.com"]
[Source "ChessBase"]
[SourceQuality "1"]
[TimeControl "40/6000+30:2400+30"]

1. e4 c6 2. d4 d5 3. exd5 cxd5 4. Bd3 Nf6 5. c3 Nc6 6. Bf4 e6 7. Nf3 Be7 8. O-O O-O 9. Ne5 Nxe5 10. Bxe5 Nd7 11. Qh5 g6 12. Qe2 Nxe5 13. Qxe5 Bf6 14. Qg3 Bd7 15. Nd2 Rc8 16. Nf3 Qc7 17. Ne5 Bg7 18. Qe3 b5 19. h4 f6 20. Nxd7 Qxd7 21. Qe2 a6 22. h5 g5 23. a4 e5 24. axb5 e4 25. Bc2 Qxb5 26. Qxb5 axb5 27. Rfe1 f5 28. Bb3 Rfd8 29. Ra5 Rb8 30. Rea1 Kf8 31. Bd1 b4 32. Rc5 bxc3 33. bxc3 h6 34. Rc7 Ra8 35. Rxa8 Rxa8 36. Bb3 Ra1+ 37. Kh2 Bf6 38. Bxd5 Be7 39. Rc8+ Kg7 40. g3 Rc1 41. Rg8+ Kh7 42. Rc8 Kg7 43. Rc6 Rc2 44. Kg1 Rc1+ 45. Kg2 Rc2 46. Rg6+ Kh7 47. c4 e3 48. Re6 Rxf2+ 49. Kg1 Bb4 50. Rxe3 Rd2 51. Re7+ Bxe7 0-1

[Event "Fagernes Chess Open 2025"]
[Site "Fagernes"]
[Date "2025.04.17"]
[Round "6.17"]
[White "Wen, Liana"]
[Black "Warstad, Leif E"]
[Result "1-0"]
[Annotator "NA RC"]
[ECO "B12"]
[WhiteElo "1404"]
[BlackElo "1606"]
[PlyCount "59"]
[EventDate "2025.04.12"]
[EventCountry "NOR"]
[SourceTitle "playchess.com"]
[Source "ChessBase"]
[SourceQuality "1"]
[TimeControl "40/6000+30:2400+30"]

1. e4 c6 2. d4 d5 3. e5 Bf5 4. Be2 Nd7 5. c3 e6 6. Be3 c5 7. dxc5 Bxc5 8. Bxc5 Nxc5 9. Bb5+ Nd7 10. Nd2 Ne7 11. Qe2 Nc6 12. Ngf3 Qc7 13. Bxc6 Qxc6 14. Nd4 Qc7 15. g4 Bg6 16. f4 h6 17. Nb5 Qb6 18. Nd6+ Ke7 19. Nb3 Rhf8 20. f5 Bh7 21. O-O-O Nxe5 22. Qxe5 Qxd6 23. Qxg7 Qf4+ 24. Kb1 Rh8 25. Rhe1 Bxf5+ 26. gxf5 Qxf5+ 27. Ka1 Rag8 28. Qd4 b6 29. Qb4+ Ke8 30. Qa4+ 1-0

[Event "Fagernes Chess Open 2025"]
[Site "Fagernes"]
[Date "2025.04.17"]
[Round "6.18"]
[White "Holten, Terje"]
[Black "Dybvik, Bjorn Noralf"]
[Result "0-1"]
[Annotator "NA RC"]
[ECO "D78"]
[WhiteElo "1566"]
[BlackElo "1686"]
[PlyCount "76"]
[EventDate "2025.04.12"]
[EventCountry "NOR"]
[SourceTitle "playchess.com"]
[Source "ChessBase"]
[SourceQuality "1"]
[TimeControl "40/6000+30:2400+30"]

1. d4 Nf6 2. Nf3 d5 3. g3 g6 4. Bg2 Bg7 5. O-O O-O 6. Nbd2 Nbd7 7. c4 c6 8. b3 Re8 9. Bb2 a5 10. Re1 Qb6 11. e3 h6 12. cxd5 cxd5 13. a4 Ne4 14. Nxe4 dxe4 15. Nd2 f5 16. Nc4 Qd8 17. Rb1 Nf6 18. Qc2 Nd5 19. Bf1 Bd7 20. Qd2 b6 21. Red1 Rc8 22. Ne5 g5 23. Nxd7 Qxd7 24. Bb5 Qd8 25. Bxe8 Qxe8 26. Rdc1 Rd8 27. Qe2 Qg6 28. Rc4 h5 29. Rbc1 f4 30. Rc8 Rxc8 31. Rxc8+ Kh7 32. exf4 gxf4 33. Kf1 Qf5 34. Qc2 Nb4 35. Qc1 Qh3+ 36. Ke2 f3+ 37. Kd1 Qf1+ 38. Kd2 Bh6+ 0-1

[Event "Fagernes Chess Open 2025"]
[Site "Fagernes"]
[Date "2025.04.17"]
[Round "6.19"]
[White "Johansson, Henrik"]
[Black "Jullum, Hege Ibsen"]
[Result "1/2-1/2"]
[Annotator "NA RC"]
[ECO "A46"]
[WhiteElo "1730"]
[BlackElo "1484"]
[PlyCount "80"]
[EventDate "2025.04.12"]
[EventCountry "NOR"]
[SourceTitle "playchess.com"]
[Source "ChessBase"]
[SourceQuality "1"]
[TimeControl "40/6000+30:2400+30"]

1. d4 d6 2. Nf3 Nf6 3. e3 Nbd7 4. Nc3 e5 5. dxe5 dxe5 6. Bc4 Bb4 7. Bd2 Bd6 8. Ng5 O-O 9. Nce4 Nxe4 10. Nxe4 Nf6 11. Nxd6 Qxd6 12. O-O Be6 13. Bxe6 Qxe6 14. Qf3 Qd5 15. Qe2 Rfd8 16. Rfd1 Qe6 17. Bc3 b6 18. Rxd8+ Rxd8 19. Rd1 Nd7 20. Qa6 Qe7 21. Qxa7 Nc5 22. Rf1 f6 23. Qa3 Qd7 24. g3 Qa4 25. Bb4 Qxc2 26. Bxc5 bxc5 27. Qb3+ Qxb3 28. axb3 Rb8 29. Rc1 Rxb3 30. Rxc5 Rb7 31. b4 Kf7 32. b5 Ke6 33. e4 Kd7 34. f4 Ke6 35. f5+ Kd7 36. g4 Rb6 37. h4 Rd6 38. g5 Rd4 39. gxf6 gxf6 40. Rc6 Rd6 1/2-1/2